[ AOE2 MATCH · #508542010 ]
UnrankedMagyars vs Maya
Player's team · LOSS
Rival team · WIN
[ REPLAY ANALYSIS · EXTRACTED FROM THE RECORDED GAME ]
Feudal
10:35
Castle
—
Imperial
—
| APM avg | 34.4 |
| APM peak | 55 |
| eAPM avg | 13.4 |
| Villagers / military | 33 / 10 |
Focus
⚔️ 26.3% · 🌾 73.7%
Archer ×6 · Militia ×4
Feudal
10:12
Castle
—
Imperial
—
| APM avg | 34.1 |
| APM peak | 66 |
| eAPM avg | 18.2 |
| Villagers / military | 54 / 24 |
Focus
⚔️ 35.6% · 🌾 64.4%
Archer ×24
Match map
Initial resources + every placement click. Lines = walls · curves = elevation contours. ◆ gold · ⬟ stone · ● berries · ✦ relic · ◌ wall gap
Your base· Open — unwalled flank
pabloic16's base· Open — unwalled flank
Smoothed initial terrain · ◌ = detected wall gap · hover for details
Inputs per minute
— はじめ - - pabloic16
Build order — はじめ
82 actions detected in the replay
| 0:03 | Queue | Villager (Male) |
| 0:07 | Build | House |
| 0:09 | Build | House |
| 0:32 | Queue | Villager (Male) |
| 0:50 | Queue | Villager (Male) |
| 1:15 | Queue | Villager (Male) |
| 1:42 | Queue | Villager (Male) |
| 1:57 | Queue | Villager (Male) |
| 2:04 | Build | Lumber Camp |
| 2:30 | Queue | Villager (Male) |
| 2:50 | Queue | Villager (Male) |
| 3:18 | Queue | Villager (Male) |
| 3:37 | Build | House |
| 3:52 | Queue | Villager (Male) |
| 4:25 | Queue | Villager (Male) |
| 4:26 | Queue | Villager (Male) |
| 4:44 | Queue | Villager (Male) |
| 4:47 | Build | Mill |
| 5:05 | Queue | Villager (Male) |
| 5:18 | Queue | Villager (Male) |
| 6:04 | Queue | Villager (Male) |
| 7:16 | Research | Loom |
| 7:47 | Build | Barracks |
| 8:25 | Research | Feudal Age |
| 8:26 | Research | Feudal Age |
| 8:51 | Build | Mining Camp |
| 8:59 | Queue | Militia |
| 9:04 | Build | House |
| 9:30 | Queue | Militia |
| 9:33 | Build | House |
| 10:20 | Queue | Villager (Male) |
| 10:30 | Build | Farm |
| 10:35 | Age | Feudal Age |
| 10:51 | Build | Farm |
| 10:56 | Build | Archery Range |
| 11:10 | Build | Farm |
| 11:11 | Queue | Villager (Male) |
| 11:18 | Queue | Villager (Male) |
| 11:35 | Research | Man-at-Arms (upgrade) |
| 11:36 | Queue | Villager (Male) |
| 11:49 | Queue | Villager (Male) |
| 11:51 | Build | Farm |
| 11:52 | Build | Farm |
| 11:59 | Queue | Militia |
| 12:19 | Queue | Militia |
| 12:25 | Build | Farm |
| 12:51 | Queue | Villager (Male) |
| 12:53 | Build | Farm |
| 12:55 | Queue | Villager (Male) |
| 12:58 | Queue | Archer |
| 13:23 | Queue | Villager (Male) |
| 13:37 | Queue | Archer |
| 13:40 | Build | House |
| 13:41 | Research | Double-Bit Axe |
| 13:53 | Build | Farm |
| 14:18 | Queue | Villager (Male) |
| 14:22 | Queue | Archer |
| 14:23 | Build | Farm |
| 14:35 | Build | Farm |
| 14:46 | Build | House |
| 15:01 | Queue | Villager (Male) |
| 15:02 | Build | Farm |
| 15:20 | Build | House |
| 15:25 | Queue | Villager (Male) |
| 15:27 | Queue | Villager (Male) |
| 15:30 | Queue | Archer |
| 15:50 | Build | Watch Tower |
| 16:01 | Build | Farm |
| 16:16 | Queue | Archer |
| 16:18 | Queue | Villager (Male) |
| 16:25 | Build | Farm |
| 16:30 | Build | Farm |
| 16:34 | Queue | Villager (Male) |
| 16:43 | Build | Farm |
| 16:53 | Queue | Villager (Male) |
| 16:56 | Queue | Archer |
| 17:19 | Build | Blacksmith |
| 17:34 | Queue | Villager (Male) |
| 17:39 | Queue | Villager (Male) |
| 17:43 | Build | Farm |
| 18:27 | Build | Market |
| 18:51 | Build | Mining Camp |
Build order — pabloic16
132 actions detected in the replay
| 0:02 | Research | Loom |
| 0:03 | Build | House |
| 0:04 | Build | House |
| 0:06 | Queue | Villager (Male) |
| 0:06 | Queue | Villager (Male) |
| 0:06 | Queue | Villager (Male) |
| 1:23 | Queue | Villager (Male) |
| 1:23 | Queue | Villager (Male) |
| 1:23 | Queue | Villager (Male) |
| 1:43 | Queue | Villager (Male) |
| 1:43 | Queue | Villager (Male) |
| 1:58 | Build | Lumber Camp |
| 2:09 | Queue | Villager (Male) |
| 2:09 | Queue | Villager (Male) |
| 2:42 | Queue | Villager (Male) |
| 2:42 | Queue | Villager (Male) |
| 3:01 | Queue | Villager (Male) |
| 3:01 | Queue | Villager (Male) |
| 3:41 | Queue | Villager (Male) |
| 3:41 | Queue | Villager (Male) |
| 3:50 | Build | House |
| 3:57 | Queue | Villager (Male) |
| 3:57 | Queue | Villager (Male) |
| 4:22 | Build | Mill |
| 4:24 | Queue | Villager (Male) |
| 4:24 | Queue | Villager (Male) |
| 4:24 | Queue | Villager (Male) |
| 4:35 | Queue | Villager (Male) |
| 4:36 | Queue | Villager (Male) |
| 4:36 | Queue | Villager (Male) |
| 5:26 | Queue | Villager (Male) |
| 5:29 | Build | House |
| 5:46 | Queue | Villager (Male) |
| 5:46 | Queue | Villager (Male) |
| 6:14 | Queue | Villager (Male) |
| 6:38 | Queue | Villager (Male) |
| 6:38 | Queue | Villager (Male) |
| 6:38 | Queue | Villager (Male) |
| 7:49 | Build | Mining Camp |
| 8:02 | Research | Feudal Age |
| 8:43 | Build | Barracks |
| 9:37 | Queue | Villager (Male) |
| 9:37 | Queue | Villager (Male) |
| 9:42 | Build | House |
| 10:07 | Queue | Villager (Male) |
| 10:12 | Age | Feudal Age |
| 10:13 | Build | Archery Range |
| 10:15 | Build | Archery Range |
| 10:29 | Research | Double-Bit Axe |
| 10:42 | Build | House |
| 11:00 | Queue | Villager (Male) |
| 11:01 | Queue | Villager (Male) |
| 11:09 | Build | House |
| 11:16 | Queue | Archer |
| 11:16 | Queue | Archer |
| 11:16 | Queue | Archer |
| 11:16 | Queue | Archer |
| 11:16 | Queue | Archer |
| 11:20 | Build | House |
| 11:26 | Build | Blacksmith |
| 11:30 | Queue | Archer |
| 11:30 | Queue | Archer |
| 11:37 | Queue | Villager (Male) |
| 11:44 | Queue | Villager (Male) |
| 11:52 | Build | Palisade Wall |
| 12:32 | Queue | Villager (Male) |
| 12:32 | Queue | Villager (Male) |
| 12:32 | Queue | Villager (Male) |
| 12:34 | Build | Farm |
| 12:34 | Build | Farm |
| 12:34 | Build | Farm |
| 12:34 | Build | Farm |
| 12:51 | Build | House |
| 12:52 | Queue | Archer |
| 12:52 | Queue | Archer |
| 12:53 | Queue | Archer |
| 13:19 | Queue | Villager (Male) |
| 13:19 | Queue | Villager (Male) |
| 13:20 | Queue | Villager (Male) |
| 13:25 | Build | Lumber Camp |
| 13:34 | Build | Palisade Wall |
| 13:43 | Queue | Villager (Male) |
| 13:43 | Queue | Villager (Male) |
| 13:58 | Research | Fletching |
| 14:03 | Queue | Archer |
| 14:03 | Queue | Archer |
| 14:03 | Queue | Archer |
| 14:15 | Build | Farm |
| 14:22 | Queue | Villager (Male) |
| 14:36 | Queue | Villager (Male) |
| 14:40 | Build | House |
| 14:42 | Build | House |
| 14:57 | Build | Farm |
| 15:10 | Build | Farm |
| 15:10 | Build | Farm |
| 15:10 | Build | Farm |
| 15:11 | Build | Farm |
| 15:17 | Queue | Archer |
| 15:17 | Queue | Archer |
| 15:23 | Build | House |
| 15:26 | Queue | Villager (Male) |
| 15:26 | Queue | Villager (Male) |
| 15:42 | Build | Palisade Wall |
| 15:50 | Queue | Villager (Male) |
| 15:53 | Build | Farm |
| 15:55 | Build | Farm |
| 15:56 | Build | Farm |
| 15:56 | Build | Farm |
| 16:26 | Build | Farm |
| 16:30 | Queue | Villager (Male) |
| 16:33 | Build | Farm |
| 16:36 | Build | Farm |
| 16:38 | Build | Farm |
| 16:43 | Queue | Villager (Male) |
| 16:48 | Build | Farm |
| 17:11 | Build | Farm |
| 17:29 | Build | House |
| 17:35 | Queue | Archer |
| 17:35 | Queue | Archer |
| 17:35 | Queue | Archer |
| 17:36 | Queue | Archer |
| 17:40 | Build | Farm |
| 17:40 | Build | Farm |
| 17:58 | Research | Wheelbarrow |
| 17:59 | Queue | Villager (Male) |
| 18:06 | Build | House |
| 18:07 | Build | House |
| 18:23 | Queue | Archer |
| 18:23 | Queue | Archer |
| 18:31 | Queue | Archer |
| 18:31 | Queue | Archer |
| 18:31 | Queue | Archer |
Match timeline
| 7:47 | はじめ · first_building Barracks |
| 8:43 | pabloic16 · first_building Barracks |
| 10:12 | pabloic16 · age_up feudal |
| 10:13 | pabloic16 · first_building Archery Range |
| 10:35 | はじめ · age_up feudal |
| 10:56 | はじめ · first_building Archery Range |
| 11:52 | pabloic16 · wall_segment Palisade Wall x6 |
| 13:34 | pabloic16 · wall_segment Palisade Wall x6 |
| 15:42 | pabloic16 · wall_segment Palisade Wall x4 |
| 19:01 | はじめ · resign |
[ AI ANALYSIS · 1 CREDIT ]
What really happened in this match?
Wolo.gg analyzes every decision: build order, eco, micro, common mistakes by bracket. Personalized analysis on WhatsApp or Discord in 30 seconds.
Civ guide
Magyars
Perfil
Jugador #3227883